 Dungeon Crawl Stone Soup version 0.29.0-4-gdea44cf6ec (webtiles) character file.

Game seed: 10168273987047871130

7589 qw the Blocker (level 10, -4/92 HPs)
             Began as a Troll Cinder Acolyte on Sept 2, 2022.
             Was a Priest of Ignis.
             Slain by Snorg (18 damage)
             ... on level 9 of the Dungeon.
             The game lasted 00:04:14 (8565 turns).

qw the Blocker (Troll Cinder Acolyte)               Turns: 8565, Time: 00:04:15

Health: -4/92      AC: 13    Str: 28    XL:     10   Next: 97%
Magic:  10/10      EV:  9    Int: 10    God:    Ignis [***...]
Gold:   562        SH: 18    Dex: 20    Spells: 11/11 levels left

rFire   + . .      SeeInvis +     - Unarmed
rCold   . . .      Faith    .   d - +0 tower shield
rNeg    + . .      Spirit   .   j - +1 robe of Hubris {Regen+ Dex+3 SInv}
rPois   +          Reflect  .   (helmet restricted)
rElec   .          Harm     .   f - +0 cloak
rCorr   .          Rampage  .   (gloves unavailable)
Will    .....                   (boots unavailable)
Stlth   ++........              (no amulet)
HPRegen 1.85/turn               g - +6 ring of dexterity
MPRegen 0.12/turn               a - ring of Fumn {rPois rN+ Dex+6}

@: fiery-armoured
A: large, unfitting armour, claws 3, regeneration 1, shaggy fur 1, tough skin 1
a: Renounce Religion, Fiery Armour, Foxfire Swarm, Rising Flame


You were on level 9 of the Dungeon.
You worshipped Ignis.
Ignis was most pleased with you.
You visited 1 branch of the dungeon, and saw 10 of its levels.
You also visited: Sewer.

You collected 562 gold pieces.


Innate Abilities, Weirdness & Mutations

You are too large for most types of armour.
You have claws for hands.
Your natural rate of healing is unusually fast.
You are covered in fur. (AC +1)
You have tough skin. (AC +1)


   Skills:
 - Level 4.0 Fighting
 - Level 1.2 Throwing
 - Level 3.0 Dodging
 + Level 11.6 Shields
 - Level 10.1 Unarmed Combat
 - Level 1.0 Spellcasting
 - Level 2.1 Fire Magic


You had 11 spell levels left.
You didn't know any spells.
Your spell library contained the following spells:

 Spells                   Type           Power      Damage    Failure   Level
 Scorch                   Fire           8%         2d5       58%         2

Inventory:

Missiles
 c - 8 boomerangs (quivered)
Armour
 d - a +0 tower shield (worn)
 f - a +0 cloak (worn)
 j - the +1 robe of Hubris (worn) {Regen+ Dex+3 SInv}
   (You found it on level 6 of the Dungeon)

   Dex:       It affects your dexterity (+3).
   SInv:      It lets you see invisible.
   Regen:     It increases your rate of health regeneration.
Jewellery
 a - the ring of Fumn (right claw) {rPois rN+ Dex+6}
   (You found it in a sewer)

   [ring of poison resistance]

   Dex:       It affects your dexterity (+6).
   rPois:     It protects you from poison.
   rN:        It protects you from negative energy.
 g - a +6 ring of dexterity (left claw)
Scrolls
 h - 2 scrolls of teleportation
 i - 6 scrolls of identify
 n - a scroll of enchant weapon
Potions
 b - 2 potions of might
 e - 6 potions of heal wounds
 k - 4 potions of curing
 l - a potion of haste
 o - 2 potions of resistance

Dungeon Overview and Level Annotations

Branches:
Dungeon (10/15)            Temple (0/1) D:4           Sewer (visited)
   Lair: D:8-11         Orc: D:9-12

Altars:
Cheibriados
Dithmenos
Gozag
Hepliaklqana
Okawaru
Xom

Shops:
D:5 [

Annotations:
D:9 Snorg


Message History

You claw Snorg!
Snorg is moderately wounded.
You block the orc's attack. Snorg bites you.
Snorg is burned by your cloak of flames.
Snorg is moderately wounded.
Snorg claws you but does no damage.
Snorg is burned by your cloak of flames.
Snorg is moderately wounded.
You block Snorg's attack.
You mangle Snorg!!
Snorg is heavily wounded.
Snorg bites you!
Snorg is burned by your cloak of flames.
Snorg is heavily wounded.
You block Snorg's attack. x2; You block the orc's attack.
Snorg completely misses you. Snorg claws you.
Snorg is burned by your cloak of flames.
Snorg is heavily wounded.
Snorg claws you!
Snorg is burned by your cloak of flames.
Snorg is heavily wounded.
You scratch Snorg.
Snorg is heavily wounded.
Snorg bites you but does no damage.
Snorg is burned by your cloak of flames.
Snorg is heavily wounded.
You block Snorg's attack. x2; The orc hits you but does no damage.
The orc is burned by your cloak of flames.
The orc is moderately wounded.
You claw Snorg!
Snorg is severely wounded.
Snorg bites you!!
Snorg is burned by your cloak of flames.
Snorg is severely wounded.
You block Snorg's attack. x2; The orc hits you but does no damage.
Snorg bites you!!
Snorg is burned by your cloak of flames.
Snorg is severely wounded.
Snorg claws you!!
You die...

#.###.#.# ##.....##
#.###.# #. #.###.#.#
##...## #.###.###.
#.......# ##'##
#......... #####.### #.#
#####.#### #.# #.# #.#
#.########.## #.#
#......##...## #.#
######.#..o..#########.#
#.##.@T##.........#
#.###!#.....#######
#.###.#.###.# #.......#
#.# #####.#.###.#
#.#...).# #.#######
#####.################
##.##................=#


You could see Snorg (berserk) and an orc.

Vanquished Creatures
  A hydra (D:7)
  2 two-headed ogres
  An ugly thing (D:7)
  Psyche (D:9)
  A troll (D:9)
  A hornet (D:7)
  A shadow (D:7)
  2 vampires
  A yak (D:7)
  Eustachio (D:6)
  2 basilisks (D:7)
  Menkaure (D:7)
  A water moccasin (D:9)
  Pargi (Sewer)
  2 black bears
  2 orc warriors (D:7)
  3 ice beasts
  2 sky beasts
  2 ogres
  4 centaurs
  2 kobold brigands
  5 bullfrogs
  Blork the orc (D:6)
  3 necrophages
  2 scorpions
  5 wights
  6 killer bees (D:9)
  A jelly (D:6)
  6 hounds
  3 gnoll boudas (D:7)
  An orc priest (D:9)
  2 iguanas (D:7)
  7 orc wizards
  8 adders
  13 gnolls
  2 white imps
  3 ufetubi
  3 worms
  2 dart slugs
  22 orcs
  4 bats
  5 endoplasms
  7 giant cockroaches
  6 goblins
  6 hobgoblins
  4 jackals
  4 quokkas
  8 ball pythons
  4 frilled lizards
  9 kobolds
  6 rats
192 creatures vanquished.

Vanquished Creatures (others)
  8 plants (D:7)
8 creatures vanquished.

Grand Total: 200 creatures vanquished

Notes
Turn   | Place    | Note
-------+----------+-------------------------------------------
     0 | D:1      | qw the Troll Cinder Acolyte began the quest for the Orb.
     0 | D:1      | Reached XP level 1. HP: 22/22 MP: 1/1
     0 | D:1      | 0 ||| qw: Version: 0.1-a-97-g2dd2ca4
     0 | D:1      | 0 ||| qw: Game counter: 4917
     0 | D:1      | 0 ||| qw: Always use a shield: true
     0 | D:1      | 0 ||| qw: God list: Okawaru
     0 | D:1      | 0 ||| qw: Allow faded altars: false
     0 | D:1      | 0 ||| qw: Do Orc after D:15 true
     0 | D:1      | 0 ||| qw: Do second Lair branch before Depths: true
     0 | D:1      | 0 ||| qw: Lair rune preference: random
     0 | D:1      | 0 ||| qw: Plans: Normal
     0 | D:1      | 0 ||| PLANNING D:1-11
   128 | D:1      | Found a faded altar of an unknown god.
   237 | D:1      | 237 ||| Stepping ~*~*~tactically~*~*~ (stealth).
   241 | D:1      | Reached XP level 2. HP: 29/29 MP: 2/2
   318 | D:1      | 318 ||| Stepping ~*~*~tactically~*~*~ (outnumbered).
   753 | D:1      | 753 ||| DROPPING ring of wizardry.
   754 | D:1      | 754 ||| READING scroll labelled FIENOU TIATSEB.
   755 | D:1      | 755 ||| READING 4 scrolls labelled GASOGUALA.
   756 | D:1      | 756 ||| READING scroll labelled SAJUATSURI.
   761 | D:1      | 761 ||| READING scroll labelled ACRENOM BUEM.
   762 | D:1      | 762 ||| DRINKING 2 fuming orange potions.
   763 | D:1      | 763 ||| DRINKING 2 grey potions.
   868 | D:1      | 868 ||| READING 3 scrolls of identify.
   868 | D:1      | 868 ||| IDENTIFYING smoky red potion
   869 | D:1      | 869 ||| READING 2 scrolls of identify.
   869 | D:1      | 869 ||| IDENTIFYING pink potion
   870 | D:1      | 870 ||| DROPPING potion of invisibility.
   871 | D:1      | 871 ||| DROPPING potion of berserk rage.
   872 | D:1      | 872 ||| DROPPING potion of magic.
   953 | D:2      | Reached XP level 3. HP: 36/36 MP: 3/3
  1073 | D:2      | 1073 ||| Stepping ~*~*~tactically~*~*~ (stealth).
  1078 | D:2      | 1078 ||| Stepping ~*~*~tactically~*~*~ (stealth).
  1085 | D:2      | 1085 ||| Stepping ~*~*~tactically~*~*~ (stealth).
  1088 | D:2      | 1088 ||| Stepping ~*~*~tactically~*~*~ (stealth).
  1117 | D:2      | Identified the +1 robe "Ruycvyac" {Harm Str+4}
  1306 | D:2      | 1306 ||| INVOKING Fiery Armour.
  1307 | D:2      | 1307 ||| Stepping ~*~*~tactically~*~*~ (hiding).
  1310 | D:2      | Reached XP level 4. HP: 36/44 MP: 4/4
  1325 | D:2      | Found a hazy altar of Hepliaklqana.
  1858 | D:2      | 1858 ||| UPGRADING to +6 ring of dexterity.
  1859 | D:2      | 1859 ||| READING scroll labelled XUDANOGENY.
  1860 | D:2      | 1860 ||| READING scroll labelled YCZIMEGYEXZA.
  2097 | D:3      | 2097 ||| Stepping ~*~*~tactically~*~*~ (stealth).
  2100 | D:3      | 2100 ||| Stepping ~*~*~tactically~*~*~ (stealth).
  2116 | D:3      | Reached skill level 1 in Dodging
  2132 | D:3      | 2132 ||| Stepping ~*~*~tactically~*~*~ (stealth).
  2164 | D:3      | 2164 ||| Stepping ~*~*~tactically~*~*~ (stealth).
  2165 | D:3      | 2165 ||| Stepping ~*~*~tactically~*~*~ (stealth).
  2167 | D:3      | 2167 ||| Stepping ~*~*~tactically~*~*~ (stealth).
  2170 | D:3      | Noticed a necrophage
  2184 | D:3      | Killed a necrophage
  2185 | D:3      | Reached XP level 5. HP: 41/50 MP: 5/5
  2259 | D:3      | 2259 ||| Stepping ~*~*~tactically~*~*~ (stealth).
  2404 | D:3      | 2404 ||| READING scroll labelled NUMILIOCZA.
  2405 | D:3      | 2405 ||| READING scroll labelled NUDISE UKHLOSO.
  2406 | D:3      | 2406 ||| DRINKING 3 dark potions.
  2407 | D:3      | 2407 ||| READING 5 scrolls of identify.
  2407 | D:3      | 2407 ||| IDENTIFYING coppery potion
  2408 | D:3      | 2408 ||| READING 4 scrolls of identify.
  2408 | D:3      | 2408 ||| IDENTIFYING emerald potion
  2409 | D:3      | 2409 ||| READING 3 scrolls of identify.
  2409 | D:3      | 2409 ||| IDENTIFYING fizzy cyan potion
  2410 | D:3      | 2410 ||| READING 2 scrolls of identify.
  2410 | D:3      | 2410 ||| IDENTIFYING murky golden potion
  2411 | D:3      | 2411 ||| DROPPING potion of degeneration.
  2412 | D:3      | 2412 ||| DROPPING potion of lignification.
  2413 | D:3      | 2413 ||| DROPPING potion of attraction.
  2414 | D:3      | 2414 ||| READING scroll of teleportation.
  2459 | D:4      | Reached skill level 6 in Unarmed Combat
  2544 | D:4      | 2544 ||| Stepping ~*~*~tactically~*~*~ (stealth).
  2549 | D:4      | Reached XP level 6. HP: 59/59 MP: 6/6
  2644 | D:4      | Noticed a sky beast
  2654 | D:4      | Killed a sky beast
  2954 | D:4      | 2954 ||| Stepping ~*~*~tactically~*~*~ (stealth).
  2960 | D:4      | 2960 ||| Stepping ~*~*~tactically~*~*~ (outnumbered).
  2983 | D:4      | Found a staircase to the Ecumenical Temple.
  3206 | D:4      | 3206 ||| READING 4 scrolls of identify.
  3206 | D:4      | 3206 ||| IDENTIFYING fuming ruby potion
  3237 | D:5      | Entered Level 5 of the Dungeon
  3365 | D:5      | 3365 ||| Stepping ~*~*~tactically~*~*~ (stealth).
  3368 | D:5      | 3368 ||| Stepping ~*~*~tactically~*~*~ (stealth).
  3369 | D:5      | 3369 ||| Stepping ~*~*~tactically~*~*~ (stealth).
  3434 | D:5      | Found Diceih's Armour Emporium.
  3488 | D:5      | 3488 ||| INVOKING Fiery Armour.
  3489 | D:5      | 3489 ||| Stepping ~*~*~tactically~*~*~ (outnumbered).
  3498 | D:5      | Reached XP level 7. HP: 58/66 MP: 7/7
  3584 | D:5      | 3584 ||| Stepping ~*~*~tactically~*~*~ (stealth).
  3588 | D:5      | Found an opulent altar of Gozag.
  3591 | D:5      | Found a snail-covered altar of Cheibriados.
  3892 | D:5      | 3892 ||| READING 5 scrolls of identify.
  3892 | D:5      | 3892 ||| IDENTIFYING sedimented dark potion
  3893 | D:5      | 3893 ||| READING 4 scrolls of identify.
  3893 | D:5      | 3893 ||| IDENTIFYING green potion
  3894 | D:5      | 3894 ||| DROPPING potion of brilliance.
  3895 | D:5      | 3895 ||| DROPPING potion of flight.
  3933 | D:5      | 3933 ||| READING scroll of teleportation.
  3934 | D:5      | 3934 ||| STAIRDANCE
  3969 | D:6      | 3969 ||| PLANNING SEWER
  4018 | D:6      | 4018 ||| Stepping ~*~*~tactically~*~*~ (stealth).
  4027 | D:6      | 4027 ||| Stepping ~*~*~tactically~*~*~ (outnumbered).
  4028 | D:6      | 4028 ||| Stepping ~*~*~tactically~*~*~ (outnumbered).
  4029 | D:6      | 4029 ||| Stepping ~*~*~tactically~*~*~ (outnumbered).
  4030 | D:6      | 4030 ||| Stepping ~*~*~tactically~*~*~ (outnumbered).
  4031 | D:6      | 4031 ||| INVOKING Fiery Armour.
  4033 | D:6      | 4033 ||| Stepping ~*~*~tactically~*~*~ (outnumbered).
  4037 | D:6      | 4037 ||| Stepping ~*~*~tactically~*~*~ (outnumbered).
  4045 | D:6      | Reached skill level 3 in Fighting
  4064 | D:6      | 4064 ||| Stepping ~*~*~tactically~*~*~ (stealth).
  4140 | D:6      | 4140 ||| Stepping ~*~*~tactically~*~*~ (stealth).
  4142 | D:6      | 4142 ||| Stepping ~*~*~tactically~*~*~ (stealth).
  4149 | D:6      | 4149 ||| Stepping ~*~*~tactically~*~*~ (stealth).
  4156 | D:6      | 4156 ||| Stepping ~*~*~tactically~*~*~ (stealth).
  4157 | D:6      | Noticed Eustachio
  4171 | D:6      | 4171 ||| Stepping ~*~*~tactically~*~*~ (outnumbered).
  4172 | D:6      | 4172 ||| Stepping ~*~*~tactically~*~*~ (outnumbered).
  4173 | D:6      | 4173 ||| Stepping ~*~*~tactically~*~*~ (outnumbered).
  4185 | D:6      | Reached skill level 9 in Unarmed Combat
  4189 | D:6      | 4189 ||| Stepping ~*~*~tactically~*~*~ (outnumbered).
  4190 | D:6      | Killed Eustachio
  4191 | D:6      | Reached XP level 8. HP: 56/75 MP: 8/8
  4228 | D:6      | 4228 ||| Stepping ~*~*~tactically~*~*~ (hiding).
  4235 | D:6      | 4235 ||| FLEEEEING.
  4237 | D:6      | 4237 ||| Stepping ~*~*~tactically~*~*~ (outnumbered).
  4238 | D:6      | 4238 ||| Stepping ~*~*~tactically~*~*~ (outnumbered).
  4239 | D:6      | 4239 ||| Stepping ~*~*~tactically~*~*~ (outnumbered).
  4303 | D:6      | Noticed Blork the orc
  4309 | D:6      | Killed Blork the orc
  4375 | D:6      | Identified the +1 robe of Hubris {Regen+ Dex+3 SInv}
  4468 | D:6      | Found a glowing drain.
  4469 | D:6      | 4469 ||| DROPPING +1 robe "Ruycvyac" {Harm Str+4}.
  4470 | D:6      | 4470 ||| UPGRADING to +0 tower shield.
  4475 | D:6      | 4475 ||| UPGRADING to +2 robe of willpower.
  4485 | D:6      | 4485 ||| DROPPING +0 robe.
  4486 | D:6      | 4486 ||| UPGRADING to +1 robe of Hubris {Regen+ Dex+3
                  | SInv}.
  4496 | D:6      | 4496 ||| DROPPING +2 robe of willpower.
  4497 | D:6      | 4497 ||| READING scroll labelled SIUGEY ONIN.
  4511 | Sewer    | Entered a sewer
  4549 | Sewer    | Identified the ring of Fumn {rPois rN+ Dex+6}
  4590 | Sewer    | Identified the +5 scale mail of Bad Feelings {Fly Dex+2}
  4612 | Sewer    | Noticed Pargi
  4618 | Sewer    | Killed Pargi
  4619 | Sewer    | Reached skill level 1 in Shields
  4642 | Sewer    | Reached skill level 2 in Shields
  4653 | Sewer    | 4653 ||| UPGRADING to ring of Fumn {rPois rN+ Dex+6}.
  4667 | D:6      | 4667 ||| PLANNING D:1-11
  4856 | D:5      | 4856 ||| Stepping randomly (stuck).
  4871 | D:5      | Found a shadowy altar of Dithmenos.
  4871 | D:5      | Found a shimmering altar of Xom.
  4937 | D:7      | Noticed a hornet
  4938 | D:7      | Reached skill level 3 in Shields
  4946 | D:7      | Killed a hornet
  4947 | D:7      | Reached skill level 4 in Shields
  5012 | D:7      | Noticed Menkaure
  5013 | D:7      | 5013 ||| Stepping ~*~*~tactically~*~*~ (hiding).
  5014 | D:7      | 5014 ||| Stepping ~*~*~tactically~*~*~ (hiding).
  5016 | D:7      | 5016 ||| Stepping ~*~*~tactically~*~*~ (hiding).
  5020 | D:7      | 5020 ||| Stepping ~*~*~tactically~*~*~ (hiding).
  5029 | D:7      | Killed Menkaure
  5030 | D:7      | Reached skill level 5 in Shields
  5210 | D:7      | Reached XP level 9. HP: 81/81 MP: 9/9
  5301 | D:7      | 5301 ||| Stepping ~*~*~tactically~*~*~ (outnumbered).
  5305 | D:7      | 5305 ||| Stepping ~*~*~tactically~*~*~ (outnumbered).
  5314 | D:7      | Reached skill level 6 in Shields
  5409 | D:7      | Noticed a two-headed ogre
  5410 | D:7      | 5410 ||| INVOKING Fiery Armour.
  5420 | D:7      | Killed a two-headed ogre
  5421 | D:7      | Reached skill level 8 in Shields
  5435 | D:7      | 5435 ||| Stepping ~*~*~tactically~*~*~ (outnumbered).
  5436 | D:7      | 5436 ||| Stepping ~*~*~tactically~*~*~ (outnumbered).
  5437 | D:7      | 5437 ||| Stepping ~*~*~tactically~*~*~ (hiding).
  5450 | D:7      | 5450 ||| Stepping ~*~*~tactically~*~*~ (stealth).
  5456 | D:7      | Reached skill level 9 in Shields
  5484 | D:7      | 5484 ||| Stepping ~*~*~tactically~*~*~ (stealth).
  5490 | D:7      | 5490 ||| Stepping ~*~*~tactically~*~*~ (stealth).
  5491 | D:7      | 5491 ||| Stepping ~*~*~tactically~*~*~ (stealth).
  5495 | D:7      | 5495 ||| Stepping ~*~*~tactically~*~*~ (stealth).
  5497 | D:7      | 5497 ||| Stepping ~*~*~tactically~*~*~ (hiding).
  5505 | D:7      | Reached XP level 10. HP: 91/91 MP: 10/10
  5659 | D:7      | Noticed a seven-headed hydra
  5660 | D:7      | 5660 ||| INVOKING Fiery Armour.
  5668 | D:7      | Killed a ten-headed hydra
  5669 | D:7      | Reached skill level 10 in Shields
  5679 | D:7      | 5679 ||| FLEEEEING.
  5680 | D:7      | 5680 ||| FLEEEEING.
  5681 | D:7      | 5681 ||| STAIRDANCE
  5699 | D:6      | 5699 ||| UPGRADING to +0 cloak.
  5718 | D:7      | Noticed a red ugly thing
  5720 | D:7      | Reached skill level 1 in Throwing
  5749 | D:7      | Killed a red ugly thing
  5928 | D:7      | 5928 ||| Stepping ~*~*~tactically~*~*~ (stealth).
  6586 | D:8      | Noticed a two-headed ogre
  6596 | D:8      | Killed a two-headed ogre
  6597 | D:8      | Reached skill level 11 in Shields
  7077 | D:8      | 7077 ||| Stepping ~*~*~tactically~*~*~ (hiding).
  7078 | D:8      | 7078 ||| Stepping ~*~*~tactically~*~*~ (hiding).
  7357 | D:8      | 7357 ||| Stepping ~*~*~tactically~*~*~ (outnumbered).
  7362 | D:8      | Reached skill level 3 in Dodging
  7611 | D:8      | 7611 ||| READING 7 scrolls of identify.
  7611 | D:8      | 7611 ||| IDENTIFYING clear potion
  7640 | D:9      | 7640 ||| STAIRDANCE
  7683 | D:9      | 7683 ||| INVOKING Fiery Armour.
  7684 | D:9      | 7684 ||| Stepping ~*~*~tactically~*~*~ (outnumbered).
  7696 | D:9      | 7696 ||| Stepping ~*~*~tactically~*~*~ (outnumbered).
  7700 | D:9      | 7700 ||| Stepping ~*~*~tactically~*~*~ (outnumbered).
  7701 | D:9      | 7701 ||| Stepping ~*~*~tactically~*~*~ (outnumbered).
  7724 | D:9      | 7724 ||| Stepping ~*~*~tactically~*~*~ (outnumbered).
  7766 | D:9      | Found an iron altar of Okawaru.
  8152 | D:9      | Identified the +12 falchion of the Unkillable {freeze,
                  | *Rage Fly rPois}
  8515 | D:9      | 8515 ||| DROPPING ring of positive energy.
  8516 | D:9      | 8516 ||| READING scroll labelled WOUXEU XEUME.
  8517 | D:9      | 8517 ||| READING scroll labelled WUQAOTT EMOETO.
  8541 | D:10     | Entered Level 10 of the Dungeon
  8541 | D:10     | Noticed Snorg
  8541 | D:10     | Noticed Psyche
  8542 | D:10     | 8542 ||| INVOKING Fiery Armour.
  8543 | D:10     | 8543 ||| STAIRDANCE
  8551 | D:9      | Killed Psyche
  8559 | D:10     | 8559 ||| STAIRDANCE
  8565 | D:9      | HP: 14/92 [Snorg (24)]
  8565 | D:9      | Slain by Snorg

Levels and vault maps discovered:
D:1:      amcnicky_arrival_feature_with_door, layout_loops_cross,
          hellmonk_ecumenical_altar_zigzags, chequers_serial_rivers_room_b,
          nrook_uturn, minmay_indecisive_spiral
D:2:      minmay_angry_zag, layout_basic, basic_altar
D:3:      layout_rooms
D:4:      layout_cave_pods, minmay_temple_entry_junction
D:5:      layout_loops_cross, nicolae_overflow_hidden_temple, serial_shops,
          shop, minmay_crystal_water
D:6:      layout_cave_pools, cheibrodos_sewer_entry_drain,
          kennysheep_generic_room_4, uniq_eustachio, uniq_blork_the_orc
D:7:      nzn_winding_woodlands_stair_cross [nzn_winding_woodlands_5x15_eye,
          nzn_winding_woodlands_center_garden,
          nzn_winding_woodlands_5x15_concentric,
          nzn_winding_woodlands_5x5_open_star, nzn_winding_woodlands_hourglass,
          nzn_winding_woodlands_5x15_pathside_ponds,
          nzn_winding_woodlands_center_triple_pond,
          nzn_winding_woodlands_5x15_parted], layout_layer_cave, uniq_menkaure
D:8:      layout_layer_cave
D:9:      layout_loops_corners, okawaru_ov_weapons_minmay
D:10:     layout_loops_corners, grunt_lair_entry_orc_guard_hut, uniq_snorg,
          uniq_psyche

Skill      XL: |  1  2  3  4  5  6  7  8  9 10 |
---------------+-------------------------------+-----
Unarmed Combat | 4 5 6 7 9 10 | 10.1
Dodging        | 1 2 3 |  3.0
Fighting       | 3 4 |  4.0
Shields        | 5 9 11 | 11.6
Throwing       | 1 |  1.2
Spellcasting   | |  1.0
Fire Magic     | |  2.1

Action                   |  1- 3 |  4- 6 |  7- 9 | 10-12 || total
-------------------------+-------+-------+-------+-------++-------
Melee: Unarmed           |    75 |   117 |   203 |   111 ||   506
       Punch             |     2 |     4 |     4 |       ||    10
Throw: Boomerang         |       |       |     1 |    29 ||    30
Invok: Fiery Armour      |     1 |     1 |     2 |     3 ||     7
  Use: Scroll            |     6 |    10 |     4 |     3 ||    23
       Potion            |     2 |     1 |       |       ||     3
 Stab: Sleeping          |       |       |     1 |       ||     1
Armor: Robe              |    17 |    26 |    43 |    57 ||   143
Dodge: Dodged            |    19 |    36 |    45 |    31 ||   131
Block: Tower shield      |       |       |    79 |   134 ||   213

Table legend:
 A = Non-vault XP
 B = Vault XP
 C = Vault XP percentage of total XP
 D = Non-vault monster count
 E = Vault monster count
 F = Vault count percentage of total count
                 A         B        C        D         E       F
            +---------+---------+-------+---------+---------+-------
      Total |    4465 |    6377 |  58.8 |     135 |      57 |  29.7
            +---------+---------+-------+---------+---------+-------
        D:1 |      29 |       6 |  17.1 |      18 |       4 |  18.2
        D:2 |      60 |      49 |  45.0 |      13 |       7 |  35.0
        D:3 |     133 |       0 |   0.0 |      14 |       0 |   0.0
        D:4 |     347 |       0 |   0.0 |      21 |       0 |   0.0
        D:5 |     220 |       0 |   0.0 |       9 |       0 |   0.0
        D:6 |     665 |     334 |  33.4 |      22 |       6 |  21.4
        D:7 |     307 |    5441 |  94.7 |      10 |      33 |  76.7
        D:8 |    1571 |       0 |   0.0 |       8 |       0 |   0.0
        D:9 |    1133 |     379 |  25.1 |      20 |       1 |   4.8
      Sewer |       0 |     168 | 100.0 |       0 |       6 | 100.0
            +---------+---------+-------+---------+---------+-------
